 Dungeon Crawl Stone Soup version 0.31-a0-358-gac0dbeb3ab (webtiles) character file.

Game seed: 6403839339315692943

182 Grim the Stinger (level 5, 0/38 HPs)
             Began as a Draconian Venom Mage on July 25, 2023.
             Slain by Dowan
             ... wielding a +0 dagger
              (5 damage)
             ... on level 4 of the Dungeon.
             The game lasted 00:07:24 (2482 turns).

Grim the Stinger (Draconian Venom Mage)             Turns: 2482, Time: 00:07:25

Health: 0/38       AC:  5    Str: 16    XL:     5   Next: 35%
Magic:  16/16      EV: 12    Int: 18    God:
Gold:   176        SH:  0    Dex: 11    Spells: 2/8 levels left

rFire   . . .        u - +2 rapier "Zetileum" {elec, Drain rCorr Str+6 SInv}
rCold   . . .        (no shield)
rNeg    + . .        (body armour unavailable)
rPois   .            (helmet restricted)
rElec   .            (no cloak)
rCorr   +            (no gloves)
SInv    +            (no boots)
Will    .....        n - amulet of magic regeneration
Stlth   ++           h - ring of magical power
HPRegen 0.26/turn    j - ring of positive energy
MPRegen 0.55/turn

%: random rage (3%)
@: no status effects
A: AC +5, unfitting armour, cold-blooded, berserk 1, low MP 1, mutation
resistance 1, MP-powered wands
a: no special abilities


You were on level 4 of the Dungeon.
You visited 1 branch of the dungeon, and saw 4 of its levels.

You collected 176 gold pieces.

Inventory:

Hand Weapons
 u - the +2 rapier "Zetileum" (weapon) {elec, Drain rCorr Str+6 SInv}
   (You found it on level 3 of the Dungeon)

   Str:       It affects your strength (+6).
   SInv:      It lets you see invisible.
   rCorr:     It protects you from acid and corrosion.
   Drain:     It drains your maximum health when unequipped.
Jewellery
 h - a ring of magical power (left hand)
 j - a ring of positive energy (right hand)
 n - an amulet of magic regeneration (around neck)
 w - a +4 ring of slaying
Wands
 m - a wand of charming (6)
 r - a wand of digging (5)
 s - a wand of roots (7)
Scrolls
 b - a scroll of fog {unknown}
 d - 2 scrolls of revelation {unknown}
 e - 2 scrolls of teleportation {unknown}
 f - a scroll of vulnerability {unknown}
 g - a scroll of blinking {unknown}
 i - a scroll of brand weapon {unknown}
 k - a scroll of identify {unknown}
 o - a scroll of immolation {unknown}
 t - a scroll of amnesia {unknown}
Potions
 a - a potion of magic
 c - a potion of mutation {!q}
 p - a potion of might {unknown}
 q - a potion of attraction {unknown}
 v - a potion of degeneration {unknown}


   Skills:
 - Level 1.7 Dodging
 - Level 1.7 Stealth
 - Level 1.0 Unarmed Combat
 - Level 2.0 Spellcasting
 + Level 1.4 Conjurations
 - Level 2.1 Transmutations
 + Level 1.4 Air Magic
 * Level 4.9 Poison Magic


You had 2 spell levels left.
You knew the following spells:

 Your Spells              Type           Power      Damage    Failure   Level
a - Sting                 Tmut/Pois      56%        1d5       4%          1
b - Poisonous Vapours     Pois/Air       26%        N/A       8%          2
c - Mephitic Cloud        Conj/Pois/Air  11%        N/A       19%         3

Your spell library contained the following spells:

 Spells                   Type           Power      Damage    Failure   Level
 Sublimation of Blood     Necr           1%         N/A       26%         2
 Ignite Poison            Fire/Tmut/Pois 10%        N/A       21%         3
 Olgreb's Toxic Radiance  Pois           19%        N/A       24%         4
 Inner Flame              Hex/Fire       1%         N/A       47%         3
 Petrify                  Tmut/Erth      5%         N/A       75%         4
 Sticky Flame             Conj/Fire      4%         2d3       80%         4
 Irradiate                Conj/Tmut      4%         3d13      94%         5
 Yara's Violent Unravell  Hex/Tmut       2%         3d3       97%         5
 Enfeeble                 Hex            0%         N/A       100%        7
 Ignition                 Fire           0%         3d3       100%        8


Dungeon Overview and Level Annotations

Branches:
Dungeon (4/15)
 Temple: D:4-7

Altars:
Fedhas
Xom

Shops:
D:1 :

Annotations:
D:4 Dowan


Innate Abilities, Weirdness & Mutations

Your plain brown scales are hard. (AC +5)
You cannot fit into any form of body armour.
You are cold-blooded and may be slowed by cold attacks.
You sometimes lose your temper in combat.
Your magical capacity is low. (-10% MP)
You are somewhat resistant to further mutation.
You expend magic power (3 MP) to strengthen your wands.


Message History

It was a potion of mutation.
You feel extremely strange.
You feel less energetic.
You feel your magical essence link to the dungeon's wands.
You feel a little pissed off.
You feel genetically stable. Dowan hits you with a +0 dagger.
* * * LOW HITPOINT WARNING * * *
The endoplasm closely misses you.
Unknown command.
It was a potion of curing.
You feel better. Dowan closely misses you. The endoplasm closely misses you.
Dowan hits you with a +0 dagger.
* * * LOW HITPOINT WARNING * * *
A gnoll comes into view. It is wielding a +0 halberd.
The endoplasm hits you but does no damage.
Unknown command.
Dowan attacks as you move away! Dowan misses you.
Found a scroll labelled JYIBBU WAUD.
The endoplasm freezes you.
You are frozen.
* * * LOW HITPOINT WARNING * * *
Dowan hits you with a +0 dagger.
* * * LOW HITPOINT WARNING * * *
The endoplasm attacks as you move away! The endoplasm closely misses you.
Dowan says, "How can I live without her?"
Dowan hits you but does no damage. Dowan attacks as you move away!
Dowan hits you but does no damage.
Found a stone staircase leading down.
Dowan completely misses you. Dowan attacks as you move away!
Dowan hits you but does no damage.
An iguana comes into view.
Found 2 atropa-tipped darts.
Dowan casts a spell.
Dowan blinks!
Dowan points at you and mumbles some strange words.
The stone arrow misses you.
Dowan casts a spell.
Dowan blinks!
The iguana bites you!
* * * LOW HITPOINT WARNING * * *
Dowan attacks as you move away! Dowan hits you with a +0 dagger.
You die...

#... #.........#....## .
#..###...............
....##.<#......#..##.###.
..........##...#..##..##.
.#.#......###.##.###.....
######........._........
.#..#.##.......#.#.####..
...................###...
........@...........#....
....###le#...............
.(...#...#..........####.
........J............#...
.#.##>..###.....)...####.
#....g##...........# ##
#......##...........#
#..##...........#.### #.#
###...###...###


You could see Dowan (fast), an iguana, a gnoll and an endoplasm.

Vanquished Creatures
  Duvessa (D:4)
  4 adders
  A dart slug (D:1)
  4 orcs (D:3)
  7 ball pythons
  3 bats
  2 endoplasms (D:3)
  2 giant cockroaches
  2 hobgoblins
  3 kobolds
  2 quokkas
  2 frilled lizards
  10 goblins
  2 rats
45 creatures vanquished.

Notes
Turn   | Place    | Note
-------+----------+-------------------------------------------
     0 | D:1      | Grim the Draconian Venom Mage began the quest for the Orb.
     0 | D:1      | Reached XP level 1. HP: 14/14 MP: 3/3
    68 | D:1      | Found Ifexat's Book Shoppe.
   190 | D:1      | Found a faded altar of an unknown god.
   336 | D:1      | Reached XP level 2. HP: 20/20 MP: 5/5
  1193 | D:2      | Reached XP level 3. HP: 15/26 MP: 6/6
  1412 | D:2      | Learned a level 2 spell: Poisonous Vapours
  1416 | D:2      | Learned a level 3 spell: Mephitic Cloud
  1586 | D:3      | Reached skill level 4 in Poison Magic
  1720 | D:3      | Reached skill level 1 in Unarmed Combat
  1789 | D:3      | Found a blossoming altar of Fedhas.
  1801 | D:3      | Reached XP level 4. HP: 33/33 MP: 7/7
  1952 | D:3      | Identified the +0 robe of Yesterday {rN+}
  2322 | D:3      | Identified the +2 rapier "Zetileum" {elec, Drain rCorr
                  | Str+6 SInv}
  2415 | D:4      | Found a shimmering altar of Xom.
  2444 | D:4      | Noticed Duvessa
  2444 | D:4      | Noticed Dowan
  2460 | D:4      | Killed Duvessa
  2461 | D:4      | Reached skill level 1 in Conjurations
  2461 | D:4      | Reached skill level 1 in Air Magic
  2461 | D:4      | Reached XP level 5. HP: 21/38 MP: 8/8
  2467 | D:4      | Gained mutation: Your magical capacity is low. (-10% MP)
                  | [potion of mutation]
  2467 | D:4      | Gained mutation: You expend magic power (3 MP) to
                  | strengthen your wands. [potion of mutation]
  2467 | D:4      | Gained mutation: You sometimes lose your temper in combat.
                  | [potion of mutation]
  2467 | D:4      | Gained mutation: You are somewhat resistant to further
                  | mutation. [potion of mutation]
  2482 | D:4      | Slain by Dowan

Illustrated notes

Levels and vault maps discovered:
D:1:      minmay_arrival_wavy_path, layout_loops_ring, serial_shops, shop,
          shapermc_ecumenical_altar_starsandcircs
D:2:      layout_rooms
D:3:      layout_basic, fedhas_altar_3, serial_park_tiny_1,
          kennysheep_cross_bottleneck, hex_large, kennysheep_generic_room_6
D:4:      layout_cave_pools, lemuel_crystal_altar, nicolae_grassy_gnolls,
          uniq_natasha, uniq_duvessa

Skill      XL: |  1  2  3  4 |
---------------+-------------+-----
Transmutations | 2 |  2.1
Poison Magic   | 4 |  4.9
Unarmed Combat | 1 |  1.0
Conjurations   | 1 |  1.4
Air Magic      | 1 |  1.4
Dodging        | |  1.7
Stealth        | |  1.7
Spellcasting   | |  2.0

Action                     |  1- 3 |  4- 6 || total
---------------------------+-------+-------++-------
  Melee: Unarmed           |    71 |    11 ||    82
         Punch             |     1 |     1 ||     2
         Tailslap          |     9 |     1 ||    10
         Rapier            |       |     7 ||     7
   Cast: Sting             |    54 |    11 ||    65
         Poisonous Vapours |     2 |       ||     2
         Mephitic Cloud    |       |     3 ||     3
    Use: Potion            |       |     2 ||     2
   Stab: Confused          |       |     1 ||     1
 Armour: Skin              |    21 |    11 ||    32
  Dodge: Dodged            |    55 |    19 ||    74

Table legend: (Time is in decaauts)
 A = Elapsed time spent in this place.
 B = Non-inter-level travel time spent in this place.
 C = Inter-level travel time spent in this place.
 D = Time resting spent in this place.
 E = Time spent auto-exploring this place.
 F = Levels seen in this place.
 G = Mean time per level.
                   A        B        C        D        E       F      G
               +--------+--------+--------+--------+--------+-----+--------+
         Total |   2480 |   2360 |    120 |    123 |   1852 |   4 |  620.0 |
       Dungeon |   2480 |   2360 |    120 |    123 |   1852 |   4 |  620.0 |
               +--------+--------+--------+--------+--------+-----+--------+

Top non-repeatable levels by time:
     D:3: 863 daAuts
     D:1: 863 daAuts
     D:2: 674 daAuts
     D:4: 79 daAuts
